 Dungeon Crawl Stone Soup version 0.23.2 (webtiles) character file.

Game seed: 17608026836101234458

3391 Norn the Grappler (level 9, 0/79 HPs)
             Began as a Pale Draconian Transmuter on Apr 10, 2019.
             Was a Follower of Makhleb.
             Succumbed to a guardian serpent's bolt of poison
             ... on level 8 of the Dungeon.
             The game lasted 00:33:26 (11658 turns).

Norn the Grappler (Pale Draconian Transmuter)      Turns: 11658, Time: 00:33:27

Health: 0/79       AC:  8    Str: 13    XL:     9   Next: 74%
Magic:  4/12       EV: 16    Int: 16    God:    Makhleb [*.....]
Gold:   373        SH:  0    Dex: 12    Spells: 5/12 levels left

rFire    . . .     SeeInvis .     - Unarmed
rCold    . . .     Gourm    .   (no shield)
rNeg     . . .     Faith    .   (armour unavailable)
rPois    .         Spirit   .   (helmet restricted)
rElec    .         Reflect  .   (no cloak)
rCorr    .         Harm     .   (no gloves)
MR       .....                  n - +0 pair of boots
Stlth    +.........             (no amulet)
HPRegen  0.23/turn              o - +1 ring of evasion
MPRegen  0.13/turn              (no ring)

@: lethally poisoned (0 -> -10), very slightly contaminated, slowed, very slow
A: breathe steam, unfitting armour, cold-blooded, AC +7
a: Breathe Steam, Renounce Religion


You were on level 8 of the Dungeon.
You worshipped Makhleb.
Makhleb was aware of your devotion.
You were not hungry.

You visited 2 branches of the dungeon, and saw 10 of its levels.
You also visited: Ossuary.

You collected 412 gold pieces.
You spent 39 gold pieces at shops.

Inventory:

Hand Weapons
 u - the +4 hand axe of the Viper {elec, rC+, unknown}
   (You found it on level 6 of the Dungeon)

   Occasionally, upon striking a foe, it will discharge some electrical energy
   and cause terrible harm.
   It protects you from cold.
Missiles
 a - 234 arrows
 h - 392 stones (quivered)
 j - 7 tomahawks of returning
Armour
 g - a +0 buckler
   (You found it on level 1 of the Dungeon)
 n - a +0 pair of boots (worn)
   (You found it on level 2 of the Dungeon)
Jewellery
 o - a +1 ring of evasion (left hand)
   (You bought it in a shop on level 4 of the Dungeon)
 s - an uncursed ring of ice
   (You found it on level 5 of the Dungeon)
 z - a +5 ring of evasion
   (You took it off a centaur on level 6 of the Dungeon)
Wands
 d - a wand of iceblast (9)
   (You found it on level 2 of the Dungeon)
 y - a wand of scattershot (5)
   (You found it on level 6 of the Dungeon)
Scrolls
 b - 3 scrolls of enchant armour {unknown}
 c - 8 scrolls of teleportation {@r4}
 f - a scroll of noise {unknown}
 i - a scroll of enchant weapon {unknown}
 k - 2 scrolls of blinking
 l - a scroll of magic mapping {unknown}
 m - 5 scrolls of remove curse {@r2}
 D - 2 scrolls of identify {@r1}
Potions
 p - 4 potions of curing {@q1}
 q - a potion of flight {unknown}
 r - 2 potions of might
 t - a potion of haste {unknown}
 v - 2 potions of mutation {!q}
 w - 2 potions of brilliance
 x - 2 potions of invisibility
 B - 2 potions of heal wounds {unknown}
 C - a potion of resistance
Comestibles
 e - 5 rations {!d}
 A - 6 chunks of flesh


   Skills:
 + Level 7.2 Fighting
 + Level 6.3 Dodging
 * Level 9.6 Unarmed Combat
 - Level 2.0 Spellcasting
 - Level 5.0 Transmutations


You had 5 spell levels left.
You knew the following spells:

 Your Spells              Type           Power        Failure   Level  Hunger
a - Beastly Appendage     Tmut           ###...       2%          1    #......
b - Confusing Touch       Hex            #.....       21%         1    #......
s - Sticks to Snakes      Tmut           ###.....     4%          2    ###....
x - Spider Form           Tmut/Pois      #.........   22%         3    ###....

Your spell library contained the following spells:

 Spells                   Type           Power        Failure   Level  Hunger
 Shock                    Conj/Air       #...         21%         1    #......
 Swiftness                Chrm/Air       #.......     30%         2    ###....
 Confuse                  Hex            #.......     52%         3    ###....
 Gell's Gravitas          Tloc           #.........   52%         3    ###....
 Static Discharge         Conj/Air       #.......     52%         3    ###....
 Ice Form                 Ice/Tmut       #.......     58%         4    #####..
 Petrify                  Tmut/Erth      #.......     58%         4    #####..
 Blade Hands              Tmut           ###.......   58%         5    ######.
 Airstrike                Air            #.........   90%         4    #####..
 Yara's Violent Unravell  Hex/Tmut       #.........   90%         5    ######.
 Lightning Bolt           Conj/Air       #.........   99%         5    ######.
 Metabolic Englaciation   Hex/Ice        #.........   99%         5    ######.


Dungeon Overview and Level Annotations

Branches:
Dungeon (9/15)             Temple (1/1) D:7
   Lair: D:8-11         Orc: D:9-12

Altars:
Ashenzari
Cheibriados
Dithmenos
Fedhas
Gozag
Hepliaklqana
Kikubaaqudgha
Makhleb
Nemelex Xobeh
Okawaru
Qazlal
Ru
Sif Muna
Trog
Uskayaw
Vehumet
Wu Jian
Xom
Yredelemnul
The Shining One

Shops:
D:4 :*[=:   D:6 [?**   D:7 (

Annotations:
D:7 2 transporters, strelocc's ghost, novice DEAE


Innate Abilities, Weirdness & Mutations

You can breathe blasts of scalding, opaque steam.
Your pale cyan-grey scales are hard. (AC +7)
You cannot fit into any form of body armour.
You are cold-blooded and may be slowed by cold attacks.


Message History

The bolt of poison hits your adder!!
Your adder dies!
The bolt of poison hits you!
You are poisoned.
Casting: Sticks to Snakes (safe; 4% risk of failure)
You create a snake!
You now have 234 arrows.
You feel sick.
Casting: Sticks to Snakes (safe; 4% risk of failure)
You miscast Sticks to Snakes.
You are very lightly contaminated with residual magic.
Your skin tingles.
You feel sick. The guardian serpent hits you!
Your ball python barely misses the guardian serpent.
You punch the guardian serpent!
You feel sick. The guardian serpent barely misses you.
Your ball python bites the guardian serpent but does no damage.
You closely miss the guardian serpent.
You feel sick. The guardian serpent hits you!
* * * LOW HITPOINT WARNING * * *
Your ball python barely misses the guardian serpent.
The guardian serpent closely misses you.
Aim: a guardian serpent (moderately wounded)
The burst of metal fragments hits the guardian serpent but does no damage. x2
The burst of metal fragments hits the guardian serpent.
You feel sick. The guardian serpent hits you.
* * * LOW HITPOINT WARNING * * *
Your ball python barely misses the guardian serpent.
Blink to where?
As you read the scroll of blinking, it crumbles to dust.
You feel sick.
The guardian serpent casts a spell at you.
Your ball python seems to slow down.
Your ball python bites the guardian serpent but does no damage.
The guardian serpent barely misses your ball python.
You feel sick.
You feel sick.
You feel sick.
You feel sick.
You feel sick.
You feel sick.
You feel sick.
The guardian serpent coils itself and waves its upper body at you.
You feel yourself slow down.
There is a stone staircase leading up here.
The guardian serpent casts a spell at you.
The bolt of poison misses you.
The guardian serpent casts a spell at you.
The bolt of poison hits you!
You are more poisoned.
* * * LOW HITPOINT WARNING * * *
You climb upwards.
You die...

............)..................#
##.#...###..[[.................#
##.#.......##.............##..##
.#.......####..).........####.#
.#...<.)....#............# #.##
.).......................# #..#
#..................)....######.##
#..#...............#...#........#
..........#.....@..#####........#
.##.......#........## #........#
.##.....).#.........####........#
####..))).....#..##...##........#
#####.........##.##.............#
...........)....................#
##...>#..............###........#
#.###................##........#
##.# #................##........#


There were no monsters in sight!

Vanquished Creatures
  A wyvern (D:6)
  2 water moccasins
  An orc warrior (D:8)
  An ice beast (D:8)
  2 sky beasts
  4 centaurs
  7 ogres
  A big kobold (D:7)
  3 bullfrogs
  A gnoll sergeant (D:5)
  A scorpion (D:7)
  4 howler monkeys
  A crimson imp (D:4)
  2 bullfrog zombies (D:6)
  2 centaur zombies (Ossuary)
  A human zombie (Ossuary)
  2 hounds
  A jelly (D:6)
  7 orc wizards
  2 orc priests
  2 bullfrog skeletons
  Natasha (thrice) (D:3)
  An iguana (D:7)
  5 worker ants
  A big kobold zombie (Ossuary)
  A hound zombie (D:8)
  2 mummies (Ossuary)
  3 gnolls (D:5)
  12 adders
  2 shadow imps
  An ooze (D:1)
  3 adder zombies
  An adder skeleton (D:5)
  4 worms
  A dart slug (D:1)
  5 leopard geckos
  25 orcs
  7 bats
  4 giant cockroaches
  12 goblins
  3 hobgoblins
  7 jackals
  11 kobolds
  3 quokkas (D:3)
  A ball python (D:4)
  7 frilled lizards
  2 giant cockroach zombies (D:6)
  2 gnoll zombies (D:3)
  A goblin zombie (Ossuary)
  8 hobgoblin zombies (Ossuary)
  A jackal zombie (Ossuary)
  12 kobold zombies (Ossuary)
  6 orc zombies (Ossuary)
  14 rats
  3 rat zombies (Ossuary)
222 creatures vanquished.

Vanquished Creatures (collateral kills)
  A bullfrog (D:7)
  2 worker ants
  A goblin (D:3)
4 creatures vanquished.

Grand Total: 226 creatures vanquished

Notes
Turn   | Place    | Note
-------+----------+-------------------------------------------
     0 | D:1      | Norn the Draconian Transmuter began the quest for the Orb.
     0 | D:1      | Reached XP level 1. HP: 16/16 MP: 3/3
    35 | D:1      | Reached XP level 2. HP: 21/23 MP: 5/5
    51 | D:1      | Learned a level 2 spell: Sticks to Snakes
   244 | D:1      | Reached skill level 4 in Unarmed Combat
   548 | D:1      | Reached XP level 3. HP: 25/28 MP: 4/6
   931 | D:2      | Learned a level 1 spell: Confusing Touch
  1226 | D:2      | Reached XP level 4. HP: 32/35 MP: 7/7
  1634 | D:3      | Reached skill level 5 in Unarmed Combat
  2470 | D:3      | Found a basalt altar of Yredelemnul.
  2539 | D:3      | Noticed Natasha
  2561 | D:3      | Killed Natasha
  2561 | D:3      | Reached XP level 5. HP: 5/41 MP: 8/8
  3400 | D:3      | Noticed Natasha
  3427 | D:3      | Killed Natasha
  3766 | D:3      | Learned a level 3 spell: Spider Form
  4080 | D:3      | Noticed Natasha
  4087 | D:3      | Killed Natasha
  4087 | D:3      | Reached XP level 6. HP: 45/50 MP: 5/9
  4647 | D:3      | Found a basalt altar of Yredelemnul.
  5258 | D:3      | Found a basalt altar of Yredelemnul.
  5346 | D:4      | Found Erevew's Book Shop.
  5488 | D:4      | Found Sukew's Jewellery Shop.
  5492 | D:4      | Bought a +1 ring of evasion for 39 gold pieces
  5549 | D:4      | Found Amif's Assorted Antiques.
  5862 | D:4      | Found Luala's Antique Armour Emporium.
  6375 | D:4      | Found Caxzoimp's Book Emporium.
  6430 | D:5      | Entered Level 5 of the Dungeon
  6436 | D:5      | Your scales start taking on a pale cyan-grey colour.
  6436 | D:5      | Reached XP level 7. HP: 57/57 MP: 6/10
  6714 | D:5      | Reached skill level 5 in Transmutations
  8011 | D:6      | Found a sand-covered staircase.
  8025 | D:6      | Reached skill level 6 in Unarmed Combat
  8032 | Ossuary  | Entered an ossuary
  8179 | Ossuary  | Reached XP level 8. HP: 50/67 MP: 9/11
  8756 | D:6      | Got an ichor-stained hand axe
  8780 | D:6      | Found Tola Kugg's Magic Scroll Shoppe.
  8829 | D:6      | Reached skill level 5 in Fighting
  8856 | D:6      | Reached skill level 7 in Unarmed Combat
  8881 | D:6      | Found Nyh Hov's Antique Armour Shop.
  8913 | D:6      | HP: 2/68 [wyvern (16)]
  9332 | D:6      | Found Urghauzukh's Assorted Antiques.
  9332 | D:6      | Found Rocuu's Assorted Antiques.
  9607 | D:7      | Reached skill level 5 in Dodging
  9689 | D:7      | Reached skill level 8 in Unarmed Combat
  9696 | D:7      | Found a transporter.
  9959 | D:7      | Noticed strelocc's ghost (novice DEAE)
 10020 | D:7      | Found Ulyqifory's Weapon Shoppe.
 10035 | D:7      | Found a staircase to the Ecumenical Temple.
 10056 | Temple   | Entered the Ecumenical Temple
 10251 | Temple   | Became a worshipper of Makhleb the Destroyer
 10338 | D:7      | Reached XP level 9. HP: 75/75 MP: 7/12
 10348 | D:7      | Found a transporter.
 11015 | D:8      | Reached skill level 9 in Unarmed Combat
 11278 | D:8      | Reached * piety under Makhleb
 11319 | D:8      | Found a deep blue altar of Sif Muna.
 11348 | D:8      | Found an opulent altar of Gozag.
 11348 | D:8      | Found a sacrificial altar of Ru.
 11372 | D:8      | Found a shadowy altar of Dithmenos.
 11597 | D:9      | Found a hide-covered altar of Uskayaw.
 11624 | D:9      | Noticed a guardian serpent
 11657 | D:9      | HP: 2/79 [guardian serpent/bolt of poison (17)]
 11658 | D:8      | Succumbed to a guardian serpent's bolt of poison

Skill      XL: |  1  2  3  4  5  6  7  8  9 |
---------------+----------------------------+-----
Unarmed Combat | 4 5 6 8 9 |  9.6
Dodging        | 2 3 4 5 6 |  6.3
Transmutations | 3 4 5 |  5.0
Fighting       | 2 3 4 6 7 |  7.2
Spellcasting   | |  2.0

Action                   |  1- 3 |  4- 6 |  7- 9 || total
-------------------------+-------+-------+-------++-------
Melee: Unarmed           |   136 |   273 |   455 ||   864
       Headbutt          |     3 |     2 |       ||     5
       Tailslap          |     6 |    23 |    20 ||    49
       Kick              |     3 |       |       ||     3
       Punch             |     1 |     3 |     5 ||     9
Throw: Stone             |     5 |       |     1 ||     6
 Cast: Beastly Appendage |     8 |     4 |     2 ||    14
       Confusing Touch   |     8 |    13 |     3 ||    24
       Sticks to Snakes  |       |    11 |    11 ||    22
       Spider Form       |       |     4 |    37 ||    41
 Abil: End Transformatio |       |     1 |     1 ||     2
Evoke: Wand              |       |       |     1 ||     1
  Use: Potion            |       |     2 |     2 ||     4
       Scroll            |       |       |    10 ||    10
 Stab: Confused          |     2 |     4 |       ||     6
       Sleeping          |       |     2 |     1 ||     3
  Eat: Chunk             |     1 |    12 |    19 ||    32
       Ration            |       |     2 |     1 ||     3
Armor: Skin              |    26 |    60 |    60 ||   146
Dodge: Dodged            |    47 |   142 |   362 ||   551
